 Dungeon Crawl Stone Soup version 0.20.1-1-g8b1a95d (webtiles) character file.

23 polve the Skirmisher (level 2, -2/24 HPs)
             Began as a Demonspawn Abyssal Knight on July 11, 2017.
             Was a Follower of Lugonu.
             Slain by Sigmund
             ... wielding a +0 scythe
              (9 damage)
             ... on level 2 of the Dungeon.
             The game lasted 00:01:12 (1228 turns).

polve the Skirmisher (Demonspawn Abyssal Knight)    Turns: 1228, Time: 00:01:12

Health: -2/24      AC:  3    Str: 17    XL:     2   Next: 75%
Magic:  3/3        EV: 11    Int: 10    God:    Lugonu [*.....]
Gold:   12         SH:  0    Dex: 12    Spells: 1/1 levels left

rFire    . . .     SeeInvis .   a - +1 falchion
rCold    . . .     Gourm    .   (no shield)
rNeg     . . .     Faith    +   b - +0 leather armour
rPois    .         Spirit   .   (no helmet)
rElec    .         Reflect  .   (no cloak)
rCorr    .         Harm     .   (no gloves)
MR       .....                  (no boots)
Stlth    +.........             d - amulet of faith
Regen    0.1/turn               g - -3 ring of intelligence (curse)
MPRegen  0.1/turn               p - ring of flight

@: mighty
A: rot immunity
a: Depart the Abyss, Renounce Religion, Evoke Flight


You were on level 2 of the Dungeon.
You worshipped Lugonu.
Lugonu was aware of your devotion.
You were not hungry.

You visited 1 branch of the dungeon, and saw 2 of its levels.
You visited the Abyss 1 time.

You collected 12 gold pieces.

Inventory:

Hand Weapons
 a - a +1 falchion (weapon)
Armour
 b - a +0 leather armour (worn)
Jewellery
 d - an amulet of faith (around neck)
 g - a cursed -3 ring of intelligence (left hand)
 p - a ring of flight (right hand)
Scrolls
 j - a scroll of recharging {unknown}
 k - a scroll of random uselessness {unknown}
 l - a scroll of teleportation {unknown}
 o - a scroll of remove curse {unknown}
Potions
 e - a potion of cancellation {unknown}
 i - a potion of lignification {unknown}
 n - a potion of might
Comestibles
 c - a bread ration
 f - a meat ration
 h - a royal jelly
 m - 2 chunks of flesh


   Skills:
 - Level 3.0 Fighting
 + Level 3.0 Long Blades
 - Level 1.7 Armour
 - Level 0.8 Dodging
 - Level 2.4 Invocations


You had one spell level left.
You didn't know any spells.

Dungeon Overview and Level Annotations

Branches:
Dungeon (2/15)

Altars:

Annotations:
D:2 Sigmund


Innate Abilities, Weirdness & Mutations

You are immune to rotting.


Message History

You kill the hobgoblin!
Lugonu accepts your kill.
It was a potion of might.
You feel very mighty all of a sudden.
Sigmund hits you from afar with a scythe.
You barely miss Sigmund.
Sigmund points at you and mumbles some strange words.
The magic dart hits you!
* * * LOW HITPOINT WARNING * * *
You slash Sigmund!
Sigmund is moderately wounded.
Sigmund closely misses you.
You slash Sigmund!
Sigmund is severely wounded.
Sigmund gestures at you while chanting. You resist with significant effort.
You closely miss Sigmund.
Sigmund is severely wounded.
Sigmund hits you with a scythe!
You die...

################
###......##......###
....................
#...........<....... ######
#................##. .....
...$....$........#
##...##......@...........#
##....<#......@...#..######
#.............!(<...##
#.....<............##
#.................##
........#..........#
.....g.............#
...............)...#
?...............


You could see Sigmund.

Vanquished Creatures
  A dart slug (D:2)
  2 leopard geckos (D:1)
  5 bats (D:1)
  A goblin (D:1)
  4 hobgoblins
  2 frilled lizards (D:1)
  2 kobolds (D:1)
  3 rats (D:1)
20 creatures vanquished.

Notes
Turn   | Place    | Note
-------+----------+-------------------------------------------
     0 | Abyss:1  | polve the Demonspawn Abyssal Knight began the quest for the Orb.
     0 | Abyss:1  | Reached XP level 1. HP: 18/18 MP: 2/2
    58 | Abyss:1  | Found a corrupted altar of Lugonu.
   128 | Abyss:1  | Noticed a small abomination
   139 | D:1      | Escaped the Abyss
   677 | D:1      | Reached * piety under Lugonu
   713 | D:1      | Gained mutation: You are immune to rotting. [demonic ancestry]
   713 | D:1      | Reached XP level 2. HP: 22/24 MP: 3/3
  1083 | D:2      | Noticed Sigmund
  1228 | D:2      | Slain by Sigmund

Skill      XL: |  1  2 |
---------------+-------+-----
Long Blades    | 2 3 |  3.0
Fighting       | |  3.0
Armour         | |  1.7
Dodging        | |  0.8
Invocations    | |  2.4

Action                   || total
-------------------------++-------
Melee: Falchion          ||    45
Invok: Depart the Abyss  ||     1
  Use: Potion            ||     1
  Eat: Chunk             ||     1
Armor: Leather armour    ||    20
Dodge: Dodged            ||    31
       Rpst.: Falchion   ||    11
